 Dungeon Crawl Stone Soup version 0.31.0-2-g5a2aebc5c2 (webtiles) character file.

Game seed: 8928531667047117768

41 Cheops the Shield-Bearer (level 3, 0/29 HPs)
             Began as a Formicid Fighter on Jan 20, 2024.
             Succumbed to an adder's poison
             ... on level 2 of the Dungeon.
             The game lasted 00:02:24 (850 turns).

Cheops the Shield-Bearer (Formicid Fighter)          Turns: 850, Time: 00:02:24

Health: 0/29       AC:  6    Str: 22    XL:     3   Next: 75%
Magic:  3/3        EV:  9    Int:  7    God:
Gold:   38         SH:  5    Dex: 13    Spells: 2/2 levels left

rFire   . . .        a - +0 trident
rCold   . . .        c - +0 buckler
rNeg    . . .        b - +0 scale mail
rPois   .            (helmet unavailable)
rElec   .            (no cloak)
rCorr   .            (no gloves)
SInv    +            (no boots)
Will    .....        (no amulet) Stlth
                     (no ring)
HPRegen 0.24/turn    (no ring)
MPRegen 0.08/turn

%: no passive effects
@: lethally poisoned (0 -> -7)
A: permanent stasis, dig shafts and tunnels, antennae 3, four strong arms
a: Dig, Shaft Self


You were on level 2 of the Dungeon.
You visited 1 branch of the dungeon, and saw 2 of its levels.

You collected 38 gold pieces.

Inventory:

Hand Weapons
 a - a +0 trident (weapon)
Armour
 b - a +0 scale mail (worn)
 c - a +0 buckler (worn)
Scrolls
 e - 2 scrolls of identify {unknown}
 g - 2 scrolls of vulnerability {unknown}
 h - a scroll of fog {unknown}
Potions
 d - a potion of might
 f - a potion of curing {unknown}
 i - a potion of haste {unknown}


   Skills:
 - Level 3.2 Fighting
 + Level 3.8 Polearms
 - Level 3.2 Armour
 - Level 4.0 Shields


You had 2 spell levels left.
You didn't know any spells.
Your spell library was empty.

Dungeon Overview and Level Annotations

Branches:
Dungeon (2/15)

Altars:

Shops:
D:1 (


Innate Abilities, Weirdness & Mutations

You cannot be hasted, slowed, berserked, paralysed or teleported.
You can dig through walls and to a lower floor.
You have a pair of large antennae on your head. (SInv)
Your four strong arms can wield two-handed weapons with a shield.


Message History

The adder is lightly wounded.
The adder bites you but does no damage.
The gnoll hits you from afar with a +0 spear.
The adder bites you.
* * * LOW HITPOINT WARNING * * *
You block the gnoll's attack.
You are too injured to fight recklessly!
Unknown command.
Unknown command.
You closely miss the adder.
The adder is lightly wounded.
The adder bites you but does no damage.
The gnoll hits you from afar with a +0 spear.
* * * LOW HITPOINT WARNING * * *
You miss the adder.
The adder is lightly wounded.
The adder bites you but does no damage.
The gnoll hits you from afar with a +0 spear.
* * * LOW HITPOINT WARNING * * *
The adder bites you but does no damage.
You puncture the adder!
The adder is almost dead.
The adder bites you but does no damage. The gnoll barely misses you.
You miss the adder.
The adder is almost dead.
The adder barely misses you.
The gnoll hits you from afar with a +0 spear!
* * * LOW HITPOINT WARNING * * *
The adder bites you but does no damage.
You barely miss the adder.
The adder is almost dead.
The gnoll hits you from afar with a +0 spear.
* * * LOW HITPOINT WARNING * * *
The adder bites you.
* * * LOW HITPOINT WARNING * * *
You are lethally poisoned!
The adder poisons you!
You puncture the adder!
You kill the adder!
You die...

###..###### ....
#.........# ..{..
##.#.#...#.##....g.
............'...g..
#.#.#...#.##.....g
#....##g# .....
###.###g# .... #
#.# #.# ...
#.###.###@# +#
#..<......#
#####.##### #.# #.#
#.# #.# #.. ###


You could see 2 gnolls.

Vanquished Creatures
  An adder (D:2)
  A gnoll (D:1)
  A dart slug (D:1)
  2 endoplasms (D:1)
  A giant cockroach (D:1)
  3 goblins (D:1)
  3 jackals (D:1)
  2 quokkas (D:1)
  6 ball pythons (D:1)
  2 bats (D:1)
  2 frilled lizards (D:1)
  4 rats (D:1)
28 creatures vanquished.

Notes
Turn   | Place    | Note
-------+----------+-------------------------------------------
     0 | D:1      | Cheops the Formicid Fighter began the quest for the Orb.
     0 | D:1      | Reached XP level 1. HP: 18/18 MP: 1/1
    75 | D:1      | Reached XP level 2. HP: 10/24 MP: 2/2
   202 | D:1      | Reached XP level 3. HP: 25/29 MP: 3/3
   553 | D:1      | Found Toyff's Weapon Emporium.
   850 | D:2      | Succumbed to an adder's poison

Illustrated notes

Levels and vault maps discovered:
D:1:      lightli_arrival_lavapool, layout_basic, serial_shops,
          nicolae_shop_back_alley_shop
D:2:      wander_river, layout_loops_corners, chequers_ecumenical_altar_simple,
          grunt_ministairs_1

Skill      XL: |  1  2 |
---------------+-------+-----
Polearms       | 3 |  3.8
Fighting       | |  3.2
Armour         | |  3.2
Shields        | |  4.0

Action                     || total
---------------------------++-------
  Melee: Trident           ||    92
 Armour: Scale mail        ||    60
  Dodge: Dodged            ||    26
  Block: Buckler           ||    17
